 Seeded DCSS version 0.31-a0-1009-g454b1f1 (webtiles) character file.

Game seed: 6132316992173324487 (custom seed)

57591 Ayyar the Fighter (level 14, -32/127 HPs)
             Began as a Yellow Draconian Berserker on Nov 14, 2023.
             Was a High Priest of Trog.
             Killed by the raging water
             ... invoked by a water nymph
              (33 damage)
             ... on level 1 of the Shoals.
             The game lasted 01:35:38 (25256 turns).

Ayyar the Fighter (Yellow Draconian Berserker)     Turns: 25256, Time: 01:35:38

Health: -32/127    AC: 19    Str: 26    XL:     14   Next: 46%
Magic:  14/14      EV: 16    Int:  8    God:    Trog [*****.]
Gold:   2084       SH: 11    Dex: 14    Spells: 13/13 levels left

rFire   . . .        H - +7 flail (vamp)
rCold   . . .        S - +1 buckler "Noczimoph" {Will+ Str+2 Dex+3}
rNeg    . . .        (body armour unavailable)
rPois   .            (helmet restricted)
rElec   .            U - +2 cloak
rCorr   +            T - +2 pair of gloves {hurl}
SInv    +            B - +0 pair of boots
Will    ++...        Y - amulet of reflection
Stlth   +            g - +4 ring of protection
HPRegen 1.41/turn    b - ring of see invisible
MPRegen 0.14/turn

%: reflection
@: lit by a corona, about to teleport, weak-willed, strong-willed, mesmerised,
regenerating, glowing, very slow
A: spit acid, AC +8, unfitting armour, acidic bite, cold-blooded, acid
resistance
a: Breathe Acid, Renounce Religion, Berserk, Trog's Hand, Brothers in Arms


You were on level 1 of the Shoals.
You worshipped Trog.
Trog was extremely pleased with you.
You visited 4 branches of the dungeon, and saw 19 of its levels.
You also visited: Bailey.

You collected 2406 gold pieces.
You spent 322 gold pieces at shops.

Inventory:

Hand Weapons
 H - a +7 vampiric flail (weapon)
Missiles
 c - 19 poisoned darts (quivered)
 q - 23 boomerangs
 M - 2 curare-tipped darts
 O - 2 atropa-tipped darts
Armour
 x - the +1 cloak of Life {Fly rC- Str+2}
   (You found it on level 6 of the Dungeon)

   Str+2:     It affects your strength (+2).
   rC-:       It makes you vulnerable to cold.
   Fly:       It grants you flight.
 B - a +0 pair of boots (worn)
 S - the +1 buckler "Noczimoph" (worn) {Will+ Str+2 Dex+3}
   (You acquired it on level 10 of the Dungeon)

   Str+2:     It affects your strength (+2).
   Dex+3:     It affects your dexterity (+3).
   Will+:     It increases your willpower.
 T - a +2 pair of gloves of hurling (worn)
 U - a +2 cloak (worn)
Jewellery
 b - a ring of see invisible (right hand)
 g - a +4 ring of protection (left hand)
 E - a ring of ice
 N - a ring of protection from cold
 X - a +4 ring of protection
 Y - an amulet of reflection (around neck)
 Z - a ring of protection from fire
Talismans
 h - a beast talisman
 G - a maw talisman
 W - a serpent talisman
Wands
 m - a wand of polymorph (15)
 t - a wand of paralysis (14)
 v - a wand of flame (12)
 y - a wand of mindburst (26)
 L - a wand of roots (11)
 V - a wand of digging (5)
Scrolls
 a - 4 scrolls of teleportation
 d - a scroll of torment {unknown}
 e - 3 scrolls of fog
 j - 2 scrolls of acquirement
 l - a scroll of butterflies {unknown}
 n - 2 scrolls of enchant weapon
 r - a scroll of enchant armour
 u - 2 scrolls of amnesia {unknown}
 w - 4 scrolls of silence
 A - 2 scrolls of immolation
 D - 3 scrolls of poison
 K - 2 scrolls of brand weapon
 P - a scroll of revelation {unknown}
 Q - a scroll of vulnerability {unknown}
 R - a scroll of blinking {unknown}
Potions
 f - 4 potions of haste
 i - a potion of heal wounds
 k - 2 potions of magic {unknown}
 o - 3 potions of enlightenment
 p - 3 potions of lignification
 s - 2 potions of might {unknown}
 z - 2 potions of cancellation {unknown}
 C - 3 potions of curing
 F - a potion of ambrosia {unknown}
 I - 5 potions of attraction
 J - 5 potions of mutation


   Skills:
 + Level 12.8 Fighting
 + Level 12.5 Maces & Flails
 + Level 10.4 Throwing
 + Level 9.9 Dodging
 + Level 6.5 Stealth
 + Level 5.8 Shields
 + Level 6.4 Evocations
 + Level 5.9 Shapeshifting


You had 13 spell levels left.
You didn't know any spells.
Your spell library was empty.

Dungeon Overview and Level Annotations

Branches:
Dungeon (13/15)            Temple (0/1) D:7            Lair (3/5) D:11
 Shoals (1/4) Lair:3        Snake (0/4) Lair:3          Orc (2/2) D:11
    Elf (0/3) Orc:2        Bailey (visited)
 Vaults: D:13-14

Altars:
Cheibriados
Dithmenos
Makhleb
Nemelex Xobeh
Ru
Sif Muna
Trog
Xom
Yredelemnul

Shops:
D:3 [   D:6 [   D:10 [   Orc:2 [**(

Annotations:
D:12 1 runed translucent door
D:13 3 runed translucent doors, Azrael; Gonodgh's ghost, journeyman MiFi
Orc:1 1 runed translucent door, Hazorath's ghost, journeyman TrBe
Orc:2 2 runed translucent doors, Philosiphyzer's ghost, journeyman TrMo


Innate Abilities, Weirdness & Mutations

You can spit globs of acid.
Your golden yellow scales are hard. (AC +8)
You cannot fit into any form of body armour.
You have acidic saliva.
You are cold-blooded and may be slowed by cold attacks.
You are resistant to acid. (rCorr)


Message History

The boomerang hits you.
* * * LOW HITPOINT WARNING * * *
You feel better.
You are engulfed in a cloud of scalding steam.
You block the merfolk's attack.
The merfolk siren chants its luring song.
The merfolk aquamancer points at you and mumbles some strange words.
The ball of steam hits you!
* * * LOW HITPOINT WARNING * * *
The water nymph's watery aura covers the staircase back to the Lair.
Splash!
You fall into the shallow water.
Moving in this stuff is going to be slow.
Your deep troll barely misses the merfolk. x2
Your deep troll claws the merfolk.
The faun unwields a +0 spear.
The faun wields a +0 sling.
The faun shoots a sling bullet.
The sling bullet hits you!
* * * LOW HITPOINT WARNING * * *
The merfolk hits you from afar with a +0 trident!
* * * LOW HITPOINT WARNING * * *
You hear a shout!
You cannot move away from the merfolk siren!
As you read the scroll of teleportation, it crumbles to dust.
You feel strangely unstable.
A nearby plant withers and dies.
Your deep troll is engulfed in a cloud of scalding steam.
Your deep troll barely misses the merfolk.
Your deep troll claws the merfolk but does no damage.
Your deep troll claws the merfolk!!
The skyshark completely misses you. The skyshark tail-slaps you.
* * * LOW HITPOINT WARNING * * *
The skyshark tail-slaps you but does no damage.
The merfolk impaler is engulfed in a cloud of scalding steam.
The merfolk throws a boomerang.
You block the boomerang with an invisible shield... and reflect it back!
The boomerang hits your deep troll!
The merfolk siren chants its luring song.
The merfolk aquamancer hits you but does no damage.
The water nymph gestures at you while chanting.
The water swirls and strikes you!!
You die...

P~ ..~~~.. ~~~
..~~.. ~~.P.
#.~~.###.
~.~~m###~~...~~.
, ~mm#.~~.~~~~~
#.§~~~~~~~~~
#..~m§~~~~~~ .
#.§@l).~~~~ ..?
##T)m.~~...
PP..##mmc......
.......~~.c.###
P.~.~!))~~....#
..~~~~~(~~...~.
.PP~~~~~~.~~~>~~
.~~(~~~~..)~~~~
~~~~~~.~~..~..~~


You could see a merfolk impaler, a skyshark, a merfolk aquamancer, 3 merfolk, 2
fauns, a merfolk siren (mesmerising), a water nymph and a friendly deep troll
(summoned, berserk).

Vanquished Creatures
  An orc warlord (Orc:1)
  Fannar (Lair:3)
  An ogre mage (D:12)
  5 two-headed ogres
  3 centaur warriors
  4 boulder beetles
  5 orc high priests
  Amaemon (Lair:3)
  A skyshark (Lair:2)
  Lodul (D:11)
  3 orc knights
  2 ugly things
  2 orc sorcerers
  2 manticores (Lair:3)
  4 fauns
  Joseph (D:7)
  An elephant (Lair:3)
  Maurice (D:10)
  5 cane toads
  A black mamba (Lair:3)
  A merfolk siren (Shoals:1)
  An orange demon (Lair:3)
  4 kobold demonologists
  3 gargoyles
  Psyche (D:12)
  A freezing wraith (D:10)
  7 komodo dragons
  An unseen horror (D:10)
  6 trolls
  5 blink frogs (Lair:2)
  A slime creature (D:9)
  3 water elementals
  A wraith (D:11)
  25 yaks
  3 shadows
  2 wyverns (D:10)
  4 vampires
  Grum (D:11)
  2 vampire mosquitoes (D:12)
  A steam dragon (D:8)
  Menkaure (D:5)
  10 wargs
  4 nagas (Lair:3)
  5 acid dragons
  Duvessa (D:7)
  5 water moccasins
  2 hell hounds (D:13)
  29 orc warriors
  3 black bears
  19 ogres
  10 wolves
  4 centaurs
  A phantom (D:5)
  5 gnoll sergeants
  7 kobold brigands
  4 scorpions
  12 bullfrogs
  7 wights
  Dowan (D:7)
  A killer bee (D:9)
  7 electric eels (Bailey)
  4 howler monkeys (D:10)
  2 lava snakes (Lair:3)
  4 hounds
  3 jellies
  41 orc priests
  3 gnoll boudas
  2 iguanas
  21 orc wizards
  4 sleepcaps
  Robin (D:2)
  36 gnolls
  10 adders
  A river rat (D:6)
  3 shadow imps
  2 ufetubi
  4 worms
  96 orcs
  5 ball pythons
  5 endoplasms
  5 giant cockroaches
  14 hobgoblins
  5 jackals
  3 quokkas
  A bat (D:1)
  A frilled lizard (D:3)
  25 goblins
  20 kobolds
  3 rats
  A spectral orc (D:11)
581 creatures vanquished.

Vanquished Creatures (collateral kills)
  A water nymph (Shoals:1)
1 creature vanquished.

Vanquished Creatures (others)
  A two-headed ogre (D:12)
  An orc wizard (D:7)
  A gnoll (Bailey)
  A goblin (Bailey)
4 creatures vanquished.

Grand Total: 586 creatures vanquished

Notes
Turn   | Place    | Note
-------+----------+-------------------------------------------
     0 | D:1      | Ayyar the Draconian Berserker began the quest for the Orb.
     0 | D:1      | Reached XP level 1. HP: 19/19 MP: 1/1
   703 | D:1      | Reached XP level 2. HP: 26/26 MP: 2/2
   894 | D:2      | Noticed Robin
  1449 | D:1      | Reached XP level 3. HP: 27/33 MP: 3/3
  1698 | D:2      | Noticed a black bear
  1778 | D:2      | Killed a black bear
  1779 | D:2      | Reached skill level 1 in Throwing
  1779 | D:2      | Reached XP level 4. HP: 40/40 MP: 4/4
  1989 | D:2      | Reached XP level 5. HP: 46/46 MP: 5/5
  2255 | D:2      | Killed Robin
  2488 | D:2      | Reached ** piety under Trog
  2970 | D:3      | Found Fegru's Antique Armour Shoppe.
  3699 | D:5      | Entered Level 5 of the Dungeon
  3703 | D:5      | Noticed Menkaure
  3705 | D:5      | Noticed a black bear
  3900 | D:5      | Reached XP level 6. HP: 49/53 MP: 6/6
  3958 | D:6      | Reached skill level 5 in Fighting
  3992 | D:6      | Identified the +1 cloak of Life {Fly rC- Str+2}
  4063 | D:6      | Found Geopocips's Antique Armour Emporium.
  4180 | D:6      | Your scales start taking on a golden yellow colour.
  4180 | D:6      | Reached XP level 7. HP: 58/61 MP: 7/7
  4180 | D:6      | Gained mutation: You are resistant to acid. (rCorr) [Yellow
                  | Draconian growth]
  4346 | D:6      | Reached skill level 5 in Maces & Flails
  4932 | D:7      | Noticed Duvessa
  4932 | D:7      | Noticed Dowan
  4941 | D:7      | Noticed Joseph
  5303 | D:7      | Reached *** piety under Trog
  5304 | D:7      | Reached skill level 5 in Dodging
  5334 | D:6      | Reached XP level 8. HP: 11/68 MP: 8/8
  6136 | D:7      | Killed Duvessa
  6144 | D:7      | Killed Dowan
  6167 | D:8      | Reached skill level 5 in Throwing
  6169 | D:8      | Noticed a troll
  6508 | D:5      | Killed Menkaure
  6509 | D:5      | Reached XP level 9. HP: 39/79 MP: 9/9
  6850 | D:5      | Found a bloodstained altar of Trog.
  6850 | D:5      | Found a shimmering altar of Xom.
  6870 | D:5      | Found a sparkling altar of Nemelex Xobeh.
  6870 | D:5      | Found a shimmering blue altar of Sif Muna.
  6871 | D:5      | Found a snail-covered altar of Cheibriados.
  6875 | D:5      | Found a sacrificial altar of Ru.
  7009 | D:5      | Found a burning altar of Makhleb.
  7439 | D:7      | Killed Joseph
  7608 | D:7      | Found a staircase to the Ecumenical Temple.
  8092 | D:7      | Reached **** piety under Trog
  8355 | D:8      | Noticed a two-headed ogre
  8436 | D:7      | Killed a troll
  8491 | D:7      | Killed a two-headed ogre
  8492 | D:7      | Reached XP level 10. HP: 47/90 MP: 10/10
  9449 | D:8      | Found a shadowy altar of Dithmenos.
 10305 | D:9      | Noticed a centaur warrior
 10314 | D:9      | Killed a centaur warrior
 10315 | D:9      | Reached skill level 1 in Stealth
 10315 | D:9      | Reached skill level 1 in Evocations
 10315 | D:9      | Reached skill level 1 in Shapeshifting
 10321 | D:9      | Found a flagged portal.
 10485 | Bailey   | Entered a bailey
 11009 | Bailey   | Noticed an orc knight
 11027 | Bailey   | Killed an orc knight
 11356 | Bailey   | Noticed an orc sorcerer
 11408 | Bailey   | Found an iron altar of Okawaru.
 11476 | Bailey   | Noticed a rust devil
 11477 | Bailey   | Noticed a smoke demon
 11480 | Bailey   | Killed an orc sorcerer
 11489 | Bailey   | Reached XP level 11. HP: 94/97 MP: 11/11
 12099 | Bailey   | Identified the +0 leather armour of the Loofah {Str+2}
 12245 | D:9      | Reached skill level 10 in Fighting
 12245 | D:9      | Reached skill level 10 in Maces & Flails
 12245 | D:9      | Reached XP level 12. HP: 108/108 MP: 12/12
 12812 | D:9      | You are sucked into a shaft and drop 1 floor!
 12812 | D:10     | Entered Level 10 of the Dungeon
 13345 | D:10     | Acquired the +1 buckler "Noczimoph" {Will+ Str+2 Dex+3}
 13496 | D:3      | Bought a pair of embroidered gloves for 187 gold pieces
 13696 | D:10     | Noticed a two-headed ogre
 13707 | D:10     | Killed a two-headed ogre
 13771 | D:10     | Reached skill level 1 in Shields
 14121 | D:10     | Found Sohouryv's Armour Emporium.
 14333 | D:11     | Noticed Maurice
 14333 | D:11     | Noticed Lodul
 14340 | D:10     | Maurice stole 51 poisoned darts
 14345 | D:10     | Killed Maurice
 14659 | D:11     | Noticed Grum
 14662 | D:11     | Killed Lodul
 15024 | D:11     | Found a staircase to the Lair.
 15030 | D:11     | Killed Grum
 15465 | D:11     | Noticed a boulder beetle
 15512 | D:11     | Killed a boulder beetle
 15737 | D:11     | Found a staircase to the Orcish Mines.
 15948 | D:11     | Found a basalt altar of Yredelemnul.
 15961 | D:12     | Identified the of Jatziono
 16724 | D:12     | Reached ***** piety under Trog
 16765 | D:12     | Found a runed translucent door.
 16765 | D:12     | Noticed a tengu reaver
 16765 | D:12     | Noticed an ettin
 16766 | D:12     | Noticed a frost giant
 16860 | D:12     | Noticed a two-headed ogre
 16866 | D:12     | Noticed Psyche
 16869 | D:12     | Noticed a two-headed ogre
 16871 | D:12     | Noticed a two-headed ogre
 16872 | D:12     | Noticed an ogre mage
 16872 | D:12     | Noticed a two-headed ogre
 16876 | D:12     | Killed a two-headed ogre
 16877 | D:12     | Reached XP level 13. HP: 117/117 MP: 13/13
 16914 | D:12     | Killed Psyche
 17458 | D:13     | Identified the of Xyosic
 17463 | D:13     | Found a runed translucent gate.
 17463 | D:13     | Found a runed translucent gate.
 17463 | D:13     | Found a runed translucent gate.
 17463 | D:13     | Noticed an acid blob
 17463 | D:13     | Noticed a rockslime
 17464 | D:13     | Noticed an acid blob
 17464 | D:13     | Noticed Gonodgh's ghost (journeyman MiFi)
 17464 | D:13     | Noticed an acid blob
 17464 | D:13     | Noticed an azure jelly
 17465 | D:13     | Noticed an azure jelly
 17466 | D:13     | Noticed an azure jelly
 17467 | D:13     | Noticed an azure jelly
 17467 | D:13     | Noticed an acid blob
 17809 | D:13     | Noticed Azrael
 18334 | D:13     | Reached skill level 5 in Stealth
 18480 | Lair:4   | Identified the "Filluu"
 18480 | Orc:1    | Entered Level 1 of the Orcish Mines
 18536 | Orc:1    | Reached skill level 5 in Evocations
 19207 | Orc:1    | Found a runed translucent door.
 19209 | Orc:1    | Noticed Hazorath's ghost (journeyman TrBe)
 19637 | Orc:2    | Entered Level 2 of the Orcish Mines
 19659 | Orc:2    | Found a staircase to the Elven Halls.
 19944 | Orc:2    | Received a gift from Trog
 20214 | Orc:2    | Found Dechiuf's General Store.
 20214 | Orc:2    | Found Iriow's Weapon Shop.
 20220 | Orc:2    | Bought a scroll of enchant weapon for 135 gold pieces
 20721 | Orc:1    | Reached skill level 5 in Shapeshifting
 20960 | Orc:2    | Found a large runed translucent door.
 20962 | Orc:2    | Found a large runed translucent door.
 20998 | Orc:2    | Noticed Philosiphyzer's ghost (journeyman TrMo)
 21099 | Orc:2    | Noticed an orc warlord
 21160 | Orc:1    | Killed an orc warlord
 21758 | Orc:2    | Found Hobo's Antique Armour Emporium.
 21758 | Orc:2    | Found Qabutuj's General Store.
 22040 | Orc:2    | Reached skill level 10 in Throwing
 22356 | Lair:1   | Entered Level 1 of the Lair of Beasts
 23414 | Lair:2   | Reached skill level 5 in Shields
 23469 | Lair:2   | Gained mutation: You have acidic saliva. [Yellow Draconian
                  | growth]
 23469 | Lair:2   | Reached XP level 14. HP: 108/127 MP: 14/14
 24734 | Lair:3   | Noticed Fannar
 24738 | Lair:3   | Noticed Amaemon
 24753 | Lair:3   | Killed Fannar
 24763 | Lair:3   | Killed Amaemon
 25056 | Lair:3   | Found a staircase to the Snake Pit.
 25089 | Lair:3   | Found a staircase to the Shoals.
 25128 | Shoals:1 | Entered Level 1 of the Shoals
 25255 | Shoals:1 | HP: 2/127 [merfolk/+0 trident (14)]
 25256 | Shoals:1 | Killed from afar by a water nymph

Illustrated notes

Levels and vault maps discovered:
D:1:      minmay_arrival_stair_chambers, layout_basic
D:2:      layout_basic, uniq_robin
D:3:      layout_basic, serial_shops, nicolae_shop_pleasant_corner_grove
D:4:      layout_cave_pools
D:5:      layout_loops_ring, nicolae_overflow_hidden_temple, minitemple,
          minmay_misc_feat_diagonals, nrook_loot_triangle, uniq_menkaure
D:6:      layout_loops_ring, serial_shops, shop, gup_sewer_entry_bubbles
D:7:      kennysheep_housing_project, layout_cave_pools,
          minmay_temple_entry_statues_fountains, nicolae_nh_ransacked_shop,
          uniq_joseph, uniq_duvessa
D:8:      layout_layer_cave, lemuel_doored_altar, minmay_gold_behind_fungi
D:9:      layout_gridville, enter_bailey_2, wad_rectangle_vault
D:10:     layout_rooms, serial_shops, nicolae_shop_behind_doors, grunt_potential
D:11:     layout_cave_pools, erik_lair_orcish_takeover,
          minmay_orc_entry_temple_small, yredelemnul_forgotten_temple_becter,
          uniq_maurice, uniq_grum, uniq_lodul
D:12:     layout_roguey, kennysheep_treasure_room, uniq_psyche
D:13:     layout_irregular_city, gammafunk_ghost_ooze, uniq_sonja, uniq_azrael
Lair:1:   layout_regular_city, nzn_sisyphean_effort
Lair:2:   beargit_carnivore_pack, layout_cave_pods, lemuel_fruit_tree
Lair:3:   layout_gridlike, minmay_shoals_entry_beasts,
          minmay_snake_entry_guardpost_small, dreamdust_deal_with_the_devil,
          serial_bayou_pond_a, beast_lair_carwin_7, uniq_fannar, uniq_amaemon
Shoals:1: layout_shoals, ebering_ghost_rock_garden
Orc:1:    layout_caves, gammafunk_ghost_grave
Orc:2:    st_orc_town, layout_caves, basic_altar, ebering_ghost_disaster_area,
          minmay_orc_barracks

Skill      XL: |  1  2  3  4  5  6  7  8  9 10 11 12 13 14 |
---------------+-------------------------------------------+-----
Dodging        | 3 4 5 6 7 8 9 |  9.9
Fighting       | 4 5 6 7 8 9 10 11 12 | 12.8
Throwing       | 1 2 3 4 5 6 7 8 9 10 | 10.4
Maces & Flails | 4 5 6 8 10 11 12 | 12.5
Stealth        | 2 4 5 6 |  6.5
Evocations     | 2 4 5 6 |  6.4
Shapeshifting  | 2 4 5 |  5.9
Shields        | 3 5 |  5.8

Action                     |  1- 3 |  4- 6 |  7- 9 | 10-12 | 13-15 || total
---------------------------+-------+-------+-------+-------+-------++-------
  Melee: Mace              |    56 |   141 |   375 |       |       ||   572
         Tailslap          |     3 |    13 |    73 |    77 |   140 ||   306
         Punch             |       |     2 |     6 |     4 |       ||    12
         Flail             |       |       |    90 |   577 |   805 ||  1472
         Bite              |       |       |       |       |    27 ||    27
  Throw: Dart              |       |    35 |    50 |    62 |   194 ||   341
 Invoke: Berserk           |     1 |     1 |     8 |     8 |     2 ||    20
         Trog's Hand       |       |     1 |     6 |     9 |     6 ||    22
         Brothers in Arms  |       |       |       |       |     1 ||     1
Ability: Breathe Acid      |       |       |     1 |     2 |       ||     3
  Evoke: Wand              |       |       |       |     3 |     3 ||     6
    Use: Scroll            |       |     2 |       |    10 |     8 ||    20
         Potion            |       |       |     2 |     4 |     3 ||     9
   Stab: Sleeping          |       |       |     2 |     1 |     5 ||     8
         Distracted        |       |       |       |     1 |     1 ||     2
 Armour: Skin              |    62 |    98 |   389 |   406 |   406 ||  1361
  Dodge: Dodged            |    68 |    86 |   414 |   367 |   421 ||  1356
  Block: Buckler           |       |       |       |    54 |   453 ||   507
         Reflection        |       |       |       |       |    29 ||    29

Table legend: (Time is in decaauts)
 A = Elapsed time spent in this place.
 B = Non-inter-level travel time spent in this place.
 C = Inter-level travel time spent in this place.
 D = Time resting spent in this place.
 E = Time spent auto-exploring this place.
 F = Levels seen in this place.
 G = Mean time per level.
                   A        B        C        D        E       F      G
               +--------+--------+--------+--------+--------+-----+--------+
         Total |  25291 |  23872 |   1419 |   6771 |  10917 |  20 | 1264.6 |
       Dungeon |  17311 |  16037 |   1274 |   4241 |   7605 |  13 | 1331.6 |
          Lair |   2782 |   2748 |     34 |    369 |   1842 |   3 |  927.3 |
        Shoals |     40 |     40 |      0 |      0 |      0 |   1 |   40.0 |
  Orcish Mines |   3378 |   3268 |    110 |   1034 |   1356 |   2 | 1689.0 |
        Bailey |   1779 |   1779 |      0 |   1126 |    114 |   1 | 1779.0 |
               +--------+--------+--------+--------+--------+-----+--------+

Top non-repeatable levels by time:
     D:7: 2306 daAuts
     D:6: 1856 daAuts
  Bailey: 1779 daAuts
     D:8: 1762 daAuts
     D:1: 1737 daAuts
   Orc:1: 1730 daAuts
    D:10: 1690 daAuts
   Orc:2: 1648 daAuts
    D:11: 1463 daAuts
    D:12: 1456 daAuts
     D:9: 1076 daAuts
  Lair:2: 1034 daAuts
  Lair:1: 980 daAuts
    D:13: 968 daAuts
     D:5: 880 daAuts
